AoeStats
← 小白

Socotra

506626803Analyzed
4v4 RM · 18d ago on Sep 14, 2026· 20m 27s· 8 players
Game mode
Random Map
Map size
148×148
Population
200
Speed
Normal
Resources
Standard
Victory
Conquest
Starting age
Dark Age
Ending age
Imperial Age
RankedLock teamsTeams togetherTeam positionsShared explorationLock speedFull tech treeHidden civsTurbo modeCheats
Victory
Defeat
🇦🇷 Chinese · Argentina
2039
+6
🇨🇳 Jurchens · China
1922
+10
🇦🇷 Bengalis · Argentina
1913
+10
1880
+13
🇹🇼 Georgians · Taiwan
1944
-15
🇹🇼 Khmer · Taiwan
1853
-11
🇹🇼 Britons · Taiwan
1751
-8
🇹🇼 Persians · Taiwan
1616
-5
Thành Cổ Quảng Trị
6:35 Loom
9:06 Feudal Age
17:40 Fletching
21:37 Wheelbarrow
Fish
5:17 Loom
6:24 Loom
8:37 Feudal Age
9:17 Double-Bit Axe
10:09 Horse Collar
15:43 Scale Barding Armor
19:15 Bloodlines
_TieuQuy
0:30 Loom
15:01 Feudal Age
17:18 Fletching
3046964519
6:09 Loom
8:32 Feudal Age
9:28 Double-Bit Axe
12:04 Horse Collar
17:09 Forging
18:46 Wheelbarrow
小蜜蜂
6:35 Loom
8:48 Feudal Age
10:06 Double-Bit Axe
15:12 Fletching
22:22 Castle Age
散步小鵝
2:34 Loom
小白
8:46 Feudal Age
9:35 Double-Bit Axe
10:43 Loom
13:43 Bloodlines
14:46 Horse Collar
17:14 Scale Barding Armor
18:15 Forging
老天鵝
2:19 Loom
Connection lost

Rejoining the realm…

Still unreachable

The connection could not be restored.

Session expired

The server has moved on; the page needs a fresh start.